 Dungeon Crawl Stone Soup version 0.24-a0-84-g25a2d9f (webtiles) character file.

Game seed: 13824157112765970197

4718 Dantiko the Fighter (level 10, -1/68 HPs)
             Began as a Gargoyle Fighter on Feb 7, 2019.
             Was a Believer of Zin.
             Slain by a kobold (2 damage)
             ... on level 8 of the Dungeon.
             The game lasted 00:22:13 (5931 turns).

Dantiko the Fighter (Gargoyle Fighter)              Turns: 5931, Time: 00:22:13

Health: -1/68      AC: 23    Str: 23    XL:     10   Next: 45%
Magic:  17/17      EV:  4    Int:  8    God:    Zin [**....]
Gold:   387        SH: 10    Dex: 10    Spells: 9/9 levels left

rFire    . . .     SeeInvis .   C - +3 mace
rCold    + . .     Gourm    .   c - +0 shield
rNeg     + . .     Faith    .   A - +0 plate armour
rPois    ∞         Spirit   .   D - +2 hat
rElec    +         Reflect  .   F - scarf {cloud immunity}
rCorr    .         Harm     .   (no gloves)
MR       .....                  u - +2 pair of boots
Stlth    ..........             (no amulet)
HPRegen  0.21/turn              w - ring of protection from cold
MPRegen  0.15/turn              (no ring)

@: silence
A: negative energy resistance 1, electricity resistance, unbreathing,
petrification resistance, rot immunity, AC +7
a: Renounce Religion


You were on level 8 of the Dungeon.
You worshipped Zin.
Zin was pleased with you.
You were not hungry.

You visited 2 branches of the dungeon, and saw 9 of its levels.

You collected 429 gold pieces.
You donated 42 gold pieces to Zin.

Inventory:

Hand Weapons
 C - a +3 mace (weapon)
Missiles
 l - 315 stones (quivered)
Armour
 c - a +0 shield (worn)
 u - a +2 pair of boots (worn)
 A - a +0 plate armour (worn)
 D - a +2 hat (worn)
 F - a scarf of cloud immunity (worn)
Jewellery
 w - a ring of protection from cold (left hand)
Wands
 i - a wand of flame (12)
Scrolls
 b - a scroll of brand weapon {unknown}
 g - 2 scrolls of enchant armour {unknown}
 k - 3 scrolls of enchant weapon {unknown}
 n - a scroll of fog {unknown}
 o - 2 scrolls of fear {unknown}
 p - 2 scrolls of magic mapping {unknown}
 t - 4 scrolls of identify {unknown}
 x - 3 scrolls of teleportation {unknown}
 y - 2 scrolls of blinking {unknown}
 B - a scroll of remove curse {unknown}
 G - a scroll of torment {unknown}
Potions
 d - 2 potions of might
 e - 2 potions of magic {unknown}
 h - 5 potions of curing {unknown}
 j - 2 potions of resistance {unknown}
 m - 6 potions of heal wounds {unknown}
 r - 4 potions of flight {unknown}
 s - a potion of cancellation {unknown}
 v - a potion of degeneration {unknown}
 z - a potion of berserk rage {unknown}
 H - a potion of haste {unknown}
Comestibles
 f - 7 rations
 q - 3 chunks of flesh


   Skills:
 - Level 10.0 Fighting
 - Level 8.1 Maces & Flails
 - Level 3.2 Armour
 - Level 5.0 Shields
 + Level 9.7 Invocations


You had 9 spell levels left.
You didn't know any spells.
Your spell library contained the following spells:

 Spells                   Type           Power        Failure   Level  Hunger
 Animate Skeleton         Necr           N/A          100%        1    ##.....
 Apportation              Tloc           #.....       100%        1    ##.....
 Confusing Touch          Hex            #.....       100%        1    ##.....
 Summon Small Mammal      Summ           #...         100%        1    ##.....


Dungeon Overview and Level Annotations

Branches:
Dungeon (8/15)             Temple (1/1) D:6
   Lair: D:8-11

Altars:
Ashenzari
Cheibriados
Elyvilon
Fedhas
Gozag
Hepliaklqana
Kikubaaqudgha
Makhleb
Okawaru
Qazlal
Ru
Sif Muna
Uskayaw
Vehumet
Wu Jian
Xom
Yredelemnul
Zin
The Shining One


Innate Abilities, Weirdness & Mutations

You are resistant to torment.
Your stone body is resilient. (AC +7)
You are immune to poison.
You resist negative energy. (rN+)
You are resistant to electric shocks. (rElec)
You can survive without breathing.
You are immune to petrification.
You are immune to rotting.


Message History

The kobold hits you but does no damage. You block the kobold's attack.
The two-headed ogre hits you with a +0 giant spiked club!
You block the two-headed ogre's attack.
You barely miss the two-headed ogre.
The two-headed ogre is moderately wounded.
The kobold hits you but does no damage. The kobold barely misses you.
The two-headed ogre hits you with a +0 giant spiked club!
* * * LOW HITPOINT WARNING * * *
The two-headed ogre hits you but does no damage.
Okay, then.
Okay, then.
As you read the scroll labeled EFOHEF CEL XAU, it crumbles to dust.
A profound silence engulfs you.
It was a scroll of silence.
You block the kobold's attack. The kobold hits you but does no damage.
Okay, then.
The two-headed ogre hits you with a +0 giant spiked club!
* * * LOW HITPOINT WARNING * * *
You block the two-headed ogre's attack. The kobold hits you but does no damage.
The kobold completely misses you. The kobold hits you.
You die...

..#....# #.........$...
.##....#...........P.P.
.......#..# ...........
..........# ##.......c.
.........####......>...
..........##.........# .
..........#.......).###..
.........##.....K##......
.........#.....K@.K...#
##...........(.(OK.#.##
..........<.(...K..#
............$......#
....)..............#
..............>......
..O.>.................
.......................
....F##.......#.#......


You could see a two-headed ogre and 5 kobolds.

Vanquished Creatures
  The ghost of Buffagor the Cleaver, a novice DsBe of Trog (D:7)
  Psyche (D:7)
  The ghost of garrulousMonolith the Cudgeler, a novice GrFi of Okawaru (D:5)
  A yak (D:7)
  A hungry ghost (D:6)
  A water moccasin (D:6)
  2 porcupines
  An orc warrior (D:5)
  3 ice beasts
  2 black bears
  A necrophage (D:8)
  3 phantoms
  2 ogres
  6 centaurs
  6 bullfrogs
  A big kobold (D:7)
  A water moccasin zombie (D:7)
  A scorpion (D:5)
  8 wights
  3 howler monkeys
  A crimson imp (D:6)
  A bullfrog zombie (D:6)
  2 hounds
  A jelly (D:8)
  A centaur skeleton (D:7)
  2 orc priests
  2 orc wizards
  2 bullfrog skeletons
  4 worker ants
  A hound skeleton (D:5)
  5 adders
  A shadow imp (D:7)
  An adder zombie (D:8)
  3 worms (D:2)
  2 dart slugs
  7 leopard geckos
  4 orcs
  8 bats
  4 giant cockroaches
  15 goblins
  19 hobgoblins
  16 jackals
  6 kobolds
  5 quokkas
  9 frilled lizards
  2 quokka skeletons
  A quokka zombie (D:5)
  6 rats
177 creatures vanquished.

Vanquished Creatures (others)
  7 fungi (D:8)
  2 plants (D:8)
9 creatures vanquished.

Grand Total: 186 creatures vanquished

Notes
Turn   | Place    | Note
-------+----------+-------------------------------------------
     0 | D:1      | Dantiko the Gargoyle Fighter began the quest for the Orb.
     0 | D:1      | Reached XP level 1. HP: 14/14 MP: 1/1
   118 | D:1      | Reached XP level 2. HP: 12/20 MP: 2/2
   197 | D:1      | Reached skill level 4 in Fighting
   254 | D:1      | Reached XP level 3. HP: 23/24 MP: 3/3
   889 | D:2      | Reached XP level 4. HP: 22/29 MP: 4/4
  2113 | D:4      | Reached XP level 5. HP: 32/33 MP: 5/5
  2304 | D:4      | Reached skill level 5 in Shields
  2438 | D:4      | Reached XP level 6. HP: 37/40 MP: 6/6
  2498 | D:4      | Reached skill level 5 in Fighting
  2724 | D:5      | Entered Level 5 of the Dungeon
  2740 | D:4      | Reached skill level 6 in Fighting
  2755 | D:5      | Reached XP level 7. HP: 33/46 MP: 7/7
  2879 | D:5      | Reached skill level 5 in Maces & Flails
  2989 | D:5      | Found a runed translucent gate.
  2989 | D:5      | Found an opulent altar of Gozag.
  2992 | D:5      | Found a runed translucent gate.
  2992 | D:5      | Found a runed translucent gate.
  2995 | D:5      | Noticed garrulousMonolith's ghost (novice GrFi)
  3362 | D:5      | Reached skill level 7 in Fighting
  3362 | D:5      | Reached XP level 8. HP: 39/53 MP: 8/8
  3834 | D:5      | Killed garrulousMonolith's ghost
  3834 | D:5      | Reached skill level 8 in Fighting
  3841 | D:5      | Reached skill level 9 in Fighting
  4064 | D:6      | Reached skill level 10 in Fighting
  4077 | D:6      | Found an iron altar of Okawaru.
  4106 | D:6      | Reached XP level 9. HP: 62/62 MP: 9/9
  4164 | D:6      | Found a staircase to the Ecumenical Temple.
  4173 | Temple   | Entered the Ecumenical Temple
  4226 | Temple   | Became a worshipper of Zin the Law-Giver
  4226 | Temple   | Reached * piety under Zin
  4318 | D:6      | Reached ** piety under Zin
  4630 | D:7      | Reached skill level 1 in Invocations
  4666 | D:7      | Noticed Buffagor's ghost (novice DsBe)
  4667 | D:7      | Found a runed translucent door.
  4764 | D:7      | Killed Buffagor's ghost
  4764 | D:7      | Reached skill level 5 in Invocations
  4969 | D:7      | Reached XP level 10. HP: 54/68 MP: 13/15
  5271 | D:8      | Noticed Psyche
  5302 | D:7      | Killed Psyche
  5673 | D:8      | Noticed a two-headed ogre
  5931 | D:8      | HP: 1/68 [two-headed ogre/+0 giant spiked club (15)]
  5931 | D:8      | Slain by a kobold

Levels and vault maps discovered:

Skill      XL: |  1  2  3  4  5  6  7  8  9 10 |
---------------+-------------------------------+-----
Fighting       | 4 6 7 10 | 10.0
Maces & Flails | 3 4 6 8 |  8.1
Shields        | 4 5 |  5.0
Invocations    | 6 9 |  9.7
Armour         | |  3.2

Action                   |  1- 3 |  4- 6 |  7- 9 | 10-12 || total
-------------------------+-------+-------+-------+-------++-------
Melee: Flail             |   144 |   217 |       |       ||   361
       Scimitar          |       |     5 |     2 |       ||     7
       Mace              |       |       |   341 |   132 ||   473
Invok: Recite            |       |       |     1 |    10 ||    11
       Vitalisation      |       |       |     1 |       ||     1
  Use: Scroll            |       |       |     2 |     1 ||     3
       Potion            |       |       |     1 |       ||     1
 Stab: Distracted        |       |       |     1 |       ||     1
       Confused          |       |       |       |     2 ||     2
  Eat: Chunk             |       |     6 |     4 |       ||    10
       Ration            |       |       |     2 |     1 ||     3
Armor: Scale mail        |    83 |   107 |    23 |       ||   213
       Plate armour      |       |       |   188 |   145 ||   333
Dodge: Dodged            |    48 |    81 |    58 |    27 ||   214
Block: Shield            |    60 |   137 |   173 |   103 ||   473

Table legend:
 A = Non-vault XP
 B = Vault XP
 C = Vault XP percentage of total XP
 D = Non-vault monster count
 E = Vault monster count
 F = Vault count percentage of total count
                 A         B        C        D         E       F
            +---------+---------+-------+---------+---------+-------
      Total |    4390 |    2351 |  34.9 |     159 |      18 |  10.2
            +---------+---------+-------+---------+---------+-------
        D:1 |      42 |       0 |   0.0 |      24 |       0 |   0.0
        D:2 |      73 |      14 |  16.1 |      34 |       7 |  17.1
        D:3 |      33 |       0 |   0.0 |      18 |       0 |   0.0
        D:4 |     485 |       0 |   0.0 |      16 |       0 |   0.0
        D:5 |     830 |     491 |  37.2 |      19 |       3 |  13.6
        D:6 |     943 |       0 |   0.0 |      13 |       0 |   0.0
        D:7 |    1478 |    1491 |  50.2 |      25 |       5 |  16.7
        D:8 |     503 |     355 |  41.4 |       9 |       3 |  25.0
     Temple |       3 |       0 |   0.0 |       1 |       0 |   0.0
            +---------+---------+-------+---------+---------+-------
